 Dungeon Crawl Stone Soup version 0.26-a0-667-g92642533e4 (webtiles) character file.

Game seed: 5159597494165500253

11555 jasper the Cleaver (level 11, -3/80 HPs)
             Began as a Demonspawn Delver on Oct 18, 2020.
             Was a High Priest of Nemelex Xobeh.
             Killed by nerve-wracking pain
             ... invoked by an orc priest
              (13 damage)
             ... on level 1 of the Orcish Mines.
             The game lasted 00:14:36 (11356 turns).

jasper the Cleaver (Demonspawn Delver)             Turns: 11356, Time: 00:14:37

Health: -3/80      AC: 16    Str: 18    XL:     11   Next: 50%
Magic:  15/15      EV:  4    Int: 11    God:    Nemelex Xobeh [*****.]
Gold:   413        SH: 18    Dex: 22    Spells: 10/10 levels left

rFire    + . .     SeeInvis .   f - +7 hand axe of Uncomfortable Rashes {vorpal, Str+3}
rCold    + . .     Faith    .   h - +4 kite shield {AC+3}
rNeg     . . .     Spirit   .   n - +1 plate armour {rC+}
rPois    .         Reflect  +   (no helmet)
rElec    .         Harm     .   (no cloak)
rCorr    .         Rampage  .   (no gloves)
MR       .....                  (no boots)
Stlth    ..........             K - amulet of reflection
HPRegen  0.23/turn              F - +6 ring of dexterity
MPRegen  0.14/turn              M - ring of protection from fire

@: no status effects
A: claws 2, demonic guardian 1, spiny 2
a: Draw Escape, Draw Destruction, Draw Summoning, Triple Draw, Deal Four, Stack
Five, Renounce Religion


You were on level 1 of the Orcish Mines.
You worshipped Nemelex Xobeh.
Nemelex Xobeh was extremely pleased with you.
You visited 2 branches of the dungeon, and saw 13 of its levels.

You collected 663 gold pieces.
You spent 250 gold pieces at shops.

Inventory:

Hand Weapons
 a - a +0 hand axe
 f - the +7 hand axe of Uncomfortable Rashes (weapon) {vorpal, Str+3}
   (You found it on level 4 of the Dungeon)

   It inflicts extra damage upon your enemies.
   It affects your strength (+3).
 A - a +1 flail of protection
 L - a cursed +1 hand axe of electrocution
Missiles
 p - 256 stones (quivered)
 t - 2 silver boomerangs
 H - 2 throwing nets
Armour
 h - a +4 kite shield of protection (worn)
 n - a +1 plate armour of cold resistance (worn)
 v - a +0 kite shield
 w - a +0 ring mail
 G - the +2 cloak of the Thief {*Fog Slay-2 SInv Stlth+}
   (You found it on level 7 of the Dungeon)

   It affects your accuracy and damage with ranged weapons and melee attacks
   (-2).
   It lets you see invisible.
   It makes you more stealthy.
Jewellery
 j - an uncursed ring of wizardry
 D - an uncursed ring of flight
 F - a +6 ring of dexterity (left claw)
 K - an amulet of reflection (around neck)
 M - a ring of protection from fire (right claw)
Wands
 g - a wand of digging (3)
 x - a wand of polymorph (3)
 E - a wand of flame (30)
Scrolls
 b - 6 scrolls of remove curse
 c - 4 scrolls of fog
 d - 4 scrolls of magic mapping
 e - 3 scrolls of fear
 i - 7 scrolls of teleportation
 q - a scroll of amnesia
 y - 2 scrolls of immolation
 O - a scroll of identify
Potions
 k - 4 potions of heal wounds
 l - 5 potions of curing
 m - a potion of resistance
 o - a potion of might
 r - 3 potions of mutation
 s - 4 potions of degeneration
 u - a potion of berserk rage
 z - 3 potions of lignification
 B - 2 potions of magic
 C - 4 potions of flight
 I - a potion of brilliance {unknown}
 J - 2 potions of haste
 N - a potion of cancellation {unknown}


   Skills:
 + Level 5.4 Fighting
 - Level 14.0 Axes
 + Level 5.9 Armour
 - Level 1.7 Dodging
 - Level 4.5 Stealth
 * Level 1.7 Shields
 + Level 5.7 Invocations


You had 10 spell levels left.
You didn't know any spells.
Your spell library contained the following spells:

 Spells                   Type           Power        Failure   Level
 Magic Dart               Conj           #...         100%        1
 Summon Small Mammal      Summ           #...         100%        1
 Blink                    Tloc           N/A          100%        2
 Call Imp                 Summ           #.......     100%        2
 Searing Ray              Conj           #.....       100%        2
 Slow                     Hex            #.......     100%        2
 Call Canine Familiar     Summ           #.......     100%        3
 Confusing Touch          Hex            #.......     100%        3
 Conjure Flame            Conj/Fire      #.......     100%        3
 Dazzling Flash           Conj/Hex       #.....       100%        3
 Gell's Gravitas          Tloc           #.........   100%        3
 Mephitic Cloud           Conj/Pois/Air  #.......     100%        3
 Summon Guardian Golem    Hex/Summ       #.......     100%        3
 Fulminant Prism          Conj/Hex       #.........   100%        4
 Iskenderun's Mystic Bla  Conj/Tloc      #.......     100%        4
 Petrify                  Tmut/Erth      #.......     100%        4
 Summon Ice Beast         Ice/Summ       #.......     100%        4
 Summon Lightning Spire   Summ/Air       #.......     100%        4
 Metabolic Englaciation   Hex/Ice        #.........   100%        5
 Yara's Violent Unravell  Hex/Tmut       #.........   100%        5


Dungeon Overview and Level Annotations

Branches:
Dungeon (12/15)              Lair (0/6) D:10            Orc (1/2) D:10
 Temple: D:4-7

Altars:
Dithmenos
Fedhas
Gozag
Hepliaklqana
Makhleb
Nemelex Xobeh
Trog
Xom
The Shining One

Shops:
D:5 }   D:11 =

Annotations:
D:3 2 transporters, 1 runed translucent door, Rennog's ghost, amateur GrFi
D:4 2 transporters, 1 runed translucent door, Crazy Yiuf; GoodGuyCap's ghost, amateur OpMo


Innate Abilities, Weirdness & Mutations

You have very sharp fingernails.
A weak demonic guardian rushes to your aid.
You are mostly covered in sharp spines.


Message History

Something closely misses your shadow imp.
You take 11 damage, and have 18/80 hp.
Your shadow imp hits the orc priest but does no damage.
The orc closely misses your shadow imp.
The orc throws a boomerang.
You reflect the boomerang off an invisible shield around you!
The boomerang hits the orc.
Your shadow imp disappears in a puff of smoke!
Your shadow imp closely misses the orc warrior.
Your shadow imp completely misses the orc warrior.
Your shadow imp hits the orc warrior.
The orc priest calls down the wrath of Beogh upon you.
Pain shoots through your body!
* * * LOW HITPOINT WARNING * * *
You take 10 damage, and have 9/80 hp.
Something hits your shadow imp but does no damage.
There is a staircase back to the Dungeon here.
The orc priest mumbles some strange prayers to Beogh against you.
Pain shoots through your body!
You die...
Your body glows slightly and disappears.

#### #.#.#. #........
### #......$#.
##.##...#...... ###
###....#..#....#
##.###.#...........##.
#...#..........$......
##....@..oo...........
##.#.................
###.5..##5...#.#...
##...o.....)#..
#...#..##).).....
#...............>.
##...#............
.#...............
....$$............


You could see an orc warrior, an orc priest, an orc, a friendly white imp
(summoned) and a friendly shadow imp (summoned).

Vanquished Creatures
  A manticore (D:11)
  A centaur zombie (D:11)
  A gargoyle (D:11)
  2 trolls
  A hornet (D:9)
  A vampire (D:11)
  2 wyverns
  9 yaks (D:11)
  3 vampire mosquitoes (D:12)
  A soldier ant (D:11)
  A water moccasin (D:7)
  2 ice beasts
  6 orc warriors
  3 phantoms
  6 ogres
  An eye of draining (D:11)
  A necrophage (D:6)
  5 centaurs
  A lemure (D:3)
  A big kobold (D:9)
  A gnoll sergeant (D:10)
  6 bullfrogs
  A wyvern zombie (D:8)
  9 scorpions
  12 killer bees
  5 howler monkeys
  10 wights
  3 bullfrog zombies
  A quasit (D:11)
  3 centaur skeletons
  5 hounds
  2 jellies
  8 orc wizards
  A bullfrog skeleton (D:5)
  5 orc priests
  Ijyb (D:4)
  8 worker ants
  8 iguanas
  Terence (D:3)
  A hound zombie (D:11)
  2 hound skeletons
  9 adders
  11 gnolls
  4 shadow imps
  4 white imps
  2 adder zombies
  An adder skeleton (D:4)
  A worm (D:2)
  A dart slug (D:4)
  4 leopard geckos
  28 orcs
  A ball python (D:5)
  2 giant cockroaches
  9 goblins
  10 hobgoblins
  7 jackals
  6 quokkas
  11 bats
  5 frilled lizards
  10 kobolds
  A leopard gecko skeleton (D:4)
  A leopard gecko zombie (D:8)
  A quokka skeleton (D:4)
  7 rats
278 creatures vanquished.

Vanquished Creatures (collateral kills)
  Gastronok (D:11)
  A centaur zombie (D:11)
  A water moccasin (D:9)
  An ice beast (D:9)
  An eye of draining (D:8)
  3 killer bees
  An orc priest (D:9)
  A centaur skeleton (D:10)
  2 orc wizards
  2 gnolls (D:10)
  An adder (D:8)
  A white imp (D:10)
  6 orcs
22 creatures vanquished.

Vanquished Creatures (others)
  An orc wizard (D:5)
  2 fungi (D:4)
  A plant (D:4)
4 creatures vanquished.

Grand Total: 304 creatures vanquished

Notes
Turn   | Place    | Note
-------+----------+-------------------------------------------
     0 | D:5      | jasper the Demonspawn Delver began the quest for the Orb.
     0 | D:5      | Reached XP level 1. HP: 18/18 MP: 1/1
    14 | D:5      | Reached skill level 2 in Axes
    20 | D:5      | Noticed an orc wizard
    68 | D:5      | Gained mutation: You are partially covered in sharp spines.
                  | [demonic ancestry]
    68 | D:5      | Reached XP level 2. HP: 12/24 MP: 2/2
   555 | D:4      | Got a transparent hand axe
   556 | D:4      | Identified the +7 hand axe of Uncomfortable Rashes {vorpal,
                  | Str+3} (You found it on level 4 of the Dungeon)
   559 | D:4      | Reached skill level 3 in Axes
   612 | D:3      | Found a transporter.
   613 | D:3      | Found a transporter.
   615 | D:3      | Noticed a centaur
   617 | D:3      | Found a burning altar of Makhleb.
   617 | D:3      | Found a hazy altar of Hepliaklqana.
   654 | D:2      | Found a sparkling altar of Nemelex Xobeh.
   658 | D:2      | Became a worshipper of Nemelex Xobeh the Trickster
   763 | D:2      | Found a shadowy altar of Dithmenos.
   904 | D:1      | Gained mutation: You have sharp fingernails. [demonic
                  | ancestry]
   904 | D:1      | Reached XP level 3. HP: 29/29 MP: 3/3
  1555 | D:1      | Reached skill level 1 in Invocations
  1795 | D:2      | Reached * piety under Nemelex Xobeh
  2162 | D:3      | Gained mutation: You have very sharp fingernails. [demonic
                  | ancestry]
  2162 | D:3      | Reached XP level 4. HP: 35/35 MP: 4/4
  2192 | D:3      | Received a gift from Nemelex Xobeh
  2253 | D:3      | Noticed Terence
  2258 | D:3      | Killed Terence
  2258 | D:3      | Reached skill level 1 in Armour
  2259 | D:3      | Noticed a centaur
  2343 | D:3      | Killed a centaur
  2343 | D:3      | Reached skill level 4 in Axes
  2343 | D:3      | Reached XP level 5. HP: 20/41 MP: 6/6
  2560 | D:3      | Noticed Grinder
  2563 | D:3      | Noticed Grinder
  2563 | D:3      | Grinder changed into Grinder the lemure
  2570 | D:3      | Killed Grinder the lemure
  2621 | D:3      | Found a runed translucent door.
  2622 | D:3      | Noticed Rennog's ghost (amateur GrFi)
  2912 | D:4      | Noticed Ijyb
  2921 | D:4      | Killed Ijyb
  2921 | D:4      | Reached XP level 6. HP: 48/48 MP: 8/8
  2972 | D:4      | Received a gift from Nemelex Xobeh
  3302 | D:4      | Found a blossoming altar of Fedhas.
  3351 | D:4      | Noticed GoodGuyCap's ghost (amateur OpMo)
  3352 | D:4      | Found a transporter.
  3357 | D:4      | Found a transporter.
  3421 | D:4      | Found a runed translucent door.
  3422 | D:4      | Noticed Crazy Yiuf
  3501 | D:5      | Reached skill level 5 in Axes
  3501 | D:5      | Gained mutation: A weak demonic guardian rushes to your
                  | aid. [demonic ancestry]
  3501 | D:5      | Reached XP level 7. HP: 42/54 MP: 9/9
  3610 | D:5      | Found Istauz's Gadget Emporium.
  3711 | D:5      | Found a glowing golden altar of the Shining One.
  3721 | D:5      | Reached ** piety under Nemelex Xobeh
  4294 | D:5      | Found a glowing golden altar of the Shining One.
  4546 | D:6      | Reached XP level 8. HP: 61/61 MP: 11/11
  4615 | D:6      | Reached skill level 5 in Fighting
  4615 | D:6      | Reached skill level 6 in Axes
  4615 | D:6      | Reached skill level 5 in Invocations
  5616 | D:7      | Found a shimmering altar of Xom.
  5661 | D:7      | Reached skill level 7 in Axes
  5772 | D:7      | Reached *** piety under Nemelex Xobeh
  6037 | D:7      | Received a gift from Nemelex Xobeh
  6083 | D:7      | Found the +2 cloak of the Thief {*Fog Slay-2 SInv Stlth+}
  6393 | D:7      | Found an opulent altar of Gozag.
  6459 | D:7      | Received a gift from Nemelex Xobeh
  6736 | D:8      | Gained mutation: You are mostly covered in sharp spines.
                  | [demonic ancestry]
  6736 | D:8      | Reached XP level 9. HP: 59/68 MP: 13/13
  6741 | D:8      | Reached skill level 8 in Axes
  6741 | D:8      | Reached skill level 5 in Armour
  7406 | D:8      | Found a bloodstained altar of Trog.
  7582 | D:8      | Reached skill level 9 in Axes
  7689 | D:9      | Reached **** piety under Nemelex Xobeh
  7712 | D:9      | Received a gift from Nemelex Xobeh
  7831 | D:9      | Reached skill level 10 in Axes
  8182 | D:9      | Reached XP level 10. HP: 65/74 MP: 14/14
  8429 | D:9      | Received a gift from Nemelex Xobeh
  8669 | D:9      | Reached skill level 11 in Axes
  8740 | D:9      | Received a gift from Nemelex Xobeh
  8906 | D:10     | Entered Level 10 of the Dungeon
  9032 | D:10     | Found a staircase to the Lair.
  9038 | D:10     | Found a staircase to the Orcish Mines.
  9241 | D:10     | Reached skill level 12 in Axes
  9600 | D:11     | Noticed a manticore
  9605 | D:11     | Killed a manticore
  9607 | D:11     | Reached ***** piety under Nemelex Xobeh
  9619 | D:11     | Found Dolaxou's Jewellery Boutique.
  9622 | D:11     | Bought an uncursed ring of protection from fire for 250
                  | gold pieces
  9803 | D:11     | Noticed Gastronok
  9824 | D:11     | Killed Gastronok
  9848 | D:11     | Reached skill level 13 in Axes
  9848 | D:11     | Reached XP level 11. HP: 80/80 MP: 15/15
 11010 | D:11     | Reached skill level 14 in Axes
 11238 | D:12     | Reached skill level 1 in Shields
 11313 | Orc:1    | Entered Level 1 of the Orcish Mines
 11356 | Orc:1    | Killed from afar by an orc priest

Illustrated notes

Levels and vault maps discovered:
D:1:      lemuel_arrival_behind_the_door_small, layout_loops_ring,
          chequers_serial_rivers_micro_b
D:2:      layout_loops_ring, grunt_dithmenos_smoke, nemelex_lonely_heart_becter
D:3:      layout_basic, gammafunk_temple_overflow_arena,
          ebering_ghost_inner_flame, uniq_grinder, uniq_terence
D:4:      layout_rooms, fedhas_altar_3, minmay_temple_entry_from_below_b,
          gammafunk_ghost_smash, uniq_ijyb, uniq_crazy_yiuf_cottage
D:5:      layout_basic, old_standard_altar, serial_shops, kennysheep_little_box,
          hex_intersection, tso_altar
D:6:      layout_cave_pods
D:7:      layout_layer_cave, grunt_gozag_breadcrumbs, old_standard_altar,
          solitary_fountain
D:8:      layout_rooms, trog_eyes_of_draining
D:9:      layout_stronghold
D:10:     layout_rooms, lair_entry_dummy, orc_0_dummy
D:11:     layout_irregular_city, serial_shops, nicolae_shop_behind_doors,
          uniq_gastronok
D:12:     layout_grid_maze, serial_shops, shop, nicolae_shop_overgrown_old_shop,
          nicolae_shop_overgrown_old_shop
Orc:1:    layout_caves, basic_altar, serial_shops, shop

Skill      XL: |  1  2  3  4  5  6  7  8  9 10 11 |
---------------+----------------------------------+-----
Axes           | 2 3 4 5 7 10 13 14 | 14.0
Invocations    | 1 2 3 4 5 |  5.7
Armour         | 1 2 3 4 5 |  5.9
Fighting       | 4 5 |  5.4
Shields        | 1 |  1.7
Dodging        | |  1.7
Stealth        | |  4.5

Action                   |  1- 3 |  4- 6 |  7- 9 | 10-12 || total
-------------------------+-------+-------+-------+-------++-------
Melee: Hand axe          |    70 |    61 |   224 |   342 ||   697
Throw: Stone             |     3 |     5 |     6 |     3 ||    17
Invok: Draw Destruction  |       |     5 |     5 |     8 ||    18
       Draw Escape       |       |     1 |       |       ||     1
       Draw Summoning    |       |       |       |     1 ||     1
  Use: Potion            |     1 |       |       |       ||     1
       Scroll            |       |     4 |       |    15 ||    19
 Stab: Sleeping          |     6 |     1 |     1 |       ||     8
       Distracted        |       |     1 |     5 |     4 ||    10
Armor: Leather armour    |     6 |     1 |       |       ||     7
       Ring mail         |       |     3 |    14 |       ||    17
       Plate armour      |       |       |    86 |    81 ||   167
Dodge: Dodged            |    31 |    17 |    30 |    13 ||    91
Block: Kite shield       |       |    15 |   114 |   192 ||   321
       Reflection        |       |       |     3 |     4 ||     7

Table legend: (Time is in decaauts)
 A = Elapsed time spent in this place.
 B = Non-inter-level travel time spent in this place.
 C = Inter-level travel time spent in this place.
 D = Time resting spent in this place.
 E = Time spent auto-exploring this place.
 F = Levels seen in this place.
 G = Mean time per level.
                   A        B        C        D        E       F      G
               +--------+--------+--------+--------+--------+-----+--------+
         Total |  11289 |  10937 |    352 |   1259 |   7956 |  13 |  868.4 |
       Dungeon |  11252 |  10901 |    351 |   1259 |   7944 |  12 |  937.7 |
  Orcish Mines |     37 |     37 |      0 |      0 |     12 |   1 |   37.0 |
               +--------+--------+--------+--------+--------+-----+--------+

Top non-repeatable levels by time:
    D:11: 1626 daAuts
     D:7: 1411 daAuts
     D:5: 1313 daAuts
     D:9: 1231 daAuts
     D:6: 1051 daAuts
     D:4: 951 daAuts
     D:2: 793 daAuts
     D:3: 762 daAuts
     D:1: 724 daAuts
     D:8: 672 daAuts
    D:10: 670 daAuts
    D:12: 42 daAuts
   Orc:1: 37 daAuts
